[Event "Late-Titled-Tuesday-Blitz-October-24-2023"]
[Site "Chess.com"]
[Date "2023.10.24"]
[Round "8"]
[White "venturov"]
[Black "PapaieDudu"]
[Result "1-0"]
[WhiteElo "2495"]
[BlackElo "2331"]
[TimeControl "180+1"]
[EndTime "15:22:46 PDT"]
[Termination "venturov won by checkmate"]

1. e4 c5 2. Nf3 d6 3. d4 cxd4 4.
Nxd4 Nf6 5. Nc3 a6 6. Bc4 e6 7. O-O Nbd7 8. Re1 Be7 9. Bxe6 fxe6 10. Nxe6 Qa5 11. Nxg7+ Kf7 12. Nf5 Bf8 13. Nxd6+ Bxd6 14. Qxd6 Ne5 15. Bg5 Be6 16. Nd5 Nfg4 17. Qe7+ Kg6 18. Qxe6+ Kxg5 19. f4+ Kh5 20. Qf5+ Kh6 21. Qg5# 1-0

[Event "Late-Titled-Tuesday-Blitz-October-24-2023"]
[Site "Chess.com"]
[Date "2023.10.24"]
[Round "8"]
[White "GMG"]
[Black "The_Sherman_Variation"]
[Result "0-1"]
[WhiteElo "2742"]
[BlackElo "2585"]
[TimeControl "180+1"]
[EndTime "15:23:24 PDT"]
[Termination "The_Sherman_Variation won on time"]

1. Nf3 e6 2. g3 d5 3. Bg2 Nf6 4. O-O Be7 5. c4 O-O 6. d4 dxc4 7. Qc2 b5 8. a4 b4 9. Ne5 Qxd4 10. Nxc4 Nd5 11.
Nbd2 Ba6 12. Rd1 Nc6 13. e3 Qc5 14. b3 Nc3 15. Ne4 Nxe4 16. Qxe4 Rad8 17. Rxd8 Rxd8 18.
Bb2 Bxc4 19. bxc4 Na5 20. Rc1 Nb3 21. Qg4 Bf8 0-1

[Event "Late-Titled-Tuesday-Blitz-October-24-2023"]
[Site "Chess.com"]
[Date "2023.10.24"]
[Round "8"]
[White "Schwindle"]
[Black "RCone"]
[Result "1-0"]
[WhiteElo "2419"]
[BlackElo "2405"]
[TimeControl "180+1"]
[EndTime "15:23:27 PDT"]
[Termination "Schwindle won by checkmate"]

1. e4 d6 2. d4 Nf6 3. Nc3 g6 4. f3 c6 5. Be3 b5 6. Qd2 Nbd7 7. O-O-O Nb6 8. Bd3 b4 9. Nce2 a5 10. g4 Qc7 11. h4 h5 12. gxh5 Nxh5 13. Kb1 Bg7 14.
Nh3 Bxh3 15. Rxh3 c5 16. dxc5 dxc5 17. Bb5+ Kf8 18. Nf4 Nxf4 19. Bxf4 Be5 20. Bxe5 Qxe5 21. Rhh1 Kg7 22. f4 Qxe4 23. Rhe1 Qb7 24. f5 Rxh4 25. fxg6 fxg6 26. Qg5 Re4 27. Rh1 Rh8 28. Rxh8 Kxh8 29. Qh6+ Kg8 30. Qxg6+ Kf8 31. Rd8# 1-0

[Event "Late-Titled-Tuesday-Blitz-October-24-2023"]
[Site "Chess.com"]
[Date "2023.10.24"]
[Round "8"]
[White "cthake"]
[Black "APOKALIPSA13"]
[Result "0-1"]
[WhiteElo "1933"]
[BlackElo "2216"]
[TimeControl "180+1"]
[EndTime "15:23:32 PDT"]
[Termination "APOKALIPSA13 won by resignation"]

1. e4 e5 2. Nf3 d5 3. exd5 e4 4. Qe2 Nf6 5. Nc3 Be7 6. Nxe4 O-O 7.
d3 Nxd5 8. Bd2 f5 9. Nc3 Bf6 10. O-O-O Re8 11. Be3 Bxc3 12. bxc3 Nxc3 13. Qd2 Nxd1 14.
Kxd1 Nc6 15. d4 Be6 16. a4 Qf6 17. Bd3 Rad8 18. c3 h6 19. Re1 g5 20. h3 f4 21. d5 fxe3 22. Qc2 exf2 23. Bh7+ Kg7 24. Rf1 Rxd5+ 25. Kc1 Bf5 26. Bxf5 Rxf5 27. Nd4 Re1+ 0-1

[Event "Late-Titled-Tuesday-Blitz-October-24-2023"]
[Site "Chess.com"]
[Date "2023.10.24"]
[Round "8"]
[White "DefiantChair"]
[Black "DanylaBagrov"]
[Result "1-0"]
[WhiteElo "2687"]
[BlackElo "2558"]
[TimeControl "180+1"]
[EndTime "15:23:47 PDT"]
[Termination "DefiantChair won by resignation"]

1. e4 d6 2. d4 Nf6 3. Nc3 e5 4. Nf3 Nbd7 5. Bc4 Be7 6. O-O O-O 7. h3 c6 8. a4 a5 9. Be3 Qc7 10. Re1 Re8 11. Qd3 h6 12. d5 Nf8 13. Rad1 Ng6 14. Ba2 Nh5 15. Ne2 Nhf4 16. Nxf4 exf4 17. Bd4 c5 18. Bc3 Bf8 19. e5 Nxe5 20. Nxe5 dxe5 21. d6 Qd7 22. Bc4 e4 23. Rxe4 Rxe4 24. Qxe4 Qf5 25. Qf3 Bd7 26. Qxb7 Re8 27. Bb5 Qxc2 28. Rf1 Bxb5 29.
Qxb5 Bxd6 30. Qxe8+ Kh7 31. Qxf7 1-0

[Event "Late-Titled-Tuesday-Blitz-October-24-2023"]
[Site "Chess.com"]
[Date "2023.10.24"]
[Round "8"]
[White "Maitreia"]
[Black "Payyappat"]
[Result "0-1"]
[WhiteElo "2627"]
[BlackElo "2535"]
[TimeControl "180+1"]
[EndTime "15:23:51 PDT"]
[Termination "Payyappat won by resignation"]

1. c4 c5 2. Nc3 Nc6 3. g3 Nf6 4. Bg2 g6 5. Nf3 Bg7 6. O-O O-O 7. d3 b6 8. a3 Bb7 9. Rb1 d5 10. cxd5 Nxd5 11. Nxd5 Qxd5 12. b4 cxb4 13. axb4 Nd4 14.
Be3 Rfd8 15. Bxd4 Bxd4 16. Qa4 b5 17. Qa3 Rac8 18. Rfc1 Bb6 19. h4 e5 20. Kh2 Bxf2 21.
Rxc8 Rxc8 22. Rc1 Rxc1 23. Qxc1 e4 24. Ng5 Qe5 25. Qf4 Qxf4 26. gxf4 exd3 27. exd3 Bxg2 28. Kxg2 Bxh4 29. Ne4 Be1 30. Nd6 a6 31. Kf3 Bxb4 32. Ne8 Bc3 33. Nc7 b4 34. Nd5 a5 35. Ke2 a4 36. Kd1 a3 37. Nxc3 bxc3 38. d4 a2 0-1

[Event "Late-Titled-Tuesday-Blitz-October-24-2023"]
[Site "Chess.com"]
[Date "2023.10.24"]
[Round "8"]
[White "DvaHrasta"]
[Black "Makswolf200817"]
[Result "0-1"]
[WhiteElo "2500"]
[BlackElo "2624"]
[TimeControl "180+1"]
[EndTime "15:24:10 PDT"]
[Termination "Makswolf200817 won on time"]

1. c4 e6 2. g3 d5 3. Bg2 Nf6 4. Nf3 dxc4 5. O-O a6 6. a4 Nc6 7.
a5 Qd5 8. Nc3 Qh5 9. h3 e5 10.
g4 Bxg4 11. hxg4 Nxg4 12. Qa4 O-O-O 13. Qxc4 Rd4 14. Qa2 e4 15. Nxe4 Rxe4 16. d3 Nd4 17. Rd1 Rxe2 0-1

[Event "Late-Titled-Tuesday-Blitz-October-24-2023"]
[Site "Chess.com"]
[Date "2023.10.24"]
[Round "8"]
[White "jcibarra"]
[Black "TanitoluwaAps116"]
[Result "1-0"]
[WhiteElo "2917"]
[BlackElo "2656"]
[TimeControl "180+1"]
[EndTime "15:24:15 PDT"]
[Termination "jcibarra won on time"]

1. e4 c5 2. Nf3 Nc6 3. Nc3 Nf6 4. d4 cxd4 5. Nxd4 e5 6. Ndb5 d6 7. Bg5 a6 8. Na3 b5 9. Bxf6 gxf6 10. Nd5 f5 11. g3 Bg7 12. Bg2 O-O 13. exf5 Bxf5 14.
Ne3 Bd7 15. Qxd6 Rc8 16. O-O-O Nd4 17. Kb1 Re8 18. c3 Re6 19. Qd5 b4 20. cxd4 bxa3 21.
dxe5 Qb6 22. Qb3 Bb5 23. Bh3 Bxe5 24. Bxe6 fxe6 25. Rhe1 Bxb2 26. Nf5 1-0

[Event "Late-Titled-Tuesday-Blitz-October-24-2023"]
[Site "Chess.com"]
[Date "2023.10.24"]
[Round "8"]
[White "Deeper44"]
[Black "FedaMaster"]
[Result "0-1"]
[WhiteElo "2542"]
[BlackElo "2666"]
[TimeControl "180+1"]
[EndTime "15:24:15 PDT"]
[Termination "FedaMaster won by checkmate"]

1. d4 d5 2. c4 e5 3. dxe5 d4 4. Nf3 Nc6 5. a3 Nge7 6. b4 Ng6 7. Bb2 a5 8. b5 Ncxe5 9. Nxe5 Nxe5 10. e3 Be6 11.
Bxd4 Nxc4 12. Qc2 Nd6 13. Bd3 Qg5 14. f4 Qd5 15. Nc3 Qb3 16. Qxb3 Bxb3 17. a4 Bc4 18. Bc2 O-O-O 19. b6 c6 20. Kf2 f6 21. Rhc1 Ba6 22. Bb3 Kb8 23. Rd1 Be7 24. g4 h5 25. h3 hxg4 26. hxg4 Rh2+ 27. Kg3 Rdh8 28. f5 R8h3+ 29. Kf4 Rf2# 0-1

[Event "Late-Titled-Tuesday-Blitz-October-24-2023"]
[Site "Chess.com"]
[Date "2023.10.24"]
[Round "8"]
[White "AndresDelgado77"]
[Black "NotFischer"]
[Result "1-0"]
[WhiteElo "2357"]
[BlackElo "2246"]
[TimeControl "180+1"]
[EndTime "15:24:22 PDT"]
[Termination "AndresDelgado77 won by resignation"]

1. e4 c5 2. Nf3 d6 3. d4 cxd4 4.
Qxd4 Nc6 5. Bb5 Bd7 6. Qd3 Nf6 7. Nc3 e6 8. Bf4 a6 9. Ba4 Qa5 10. O-O-O b5 11. Bb3 Ne5 12. Nxe5 dxe5 13. Bxe5 Bc6 14. Rhe1 Be7 15. Bd6 Rd8 16. e5 b4 17. Nb1 Ng4 18. Qg3 Bg5+ 19. f4 1-0

[Event "Late-Titled-Tuesday-Blitz-October-24-2023"]
[Site "Chess.com"]
[Date "2023.10.24"]
[Round "8"]
[White "YellowJacek"]
[Black "biostatistician"]
[Result "0-1"]
[WhiteElo "2325"]
[BlackElo "2596"]
[TimeControl "180+1"]
[EndTime "15:24:23 PDT"]
[Termination "biostatistician won by resignation"]

1. c4 Nf6 2. g3 g6 3. Bg2 Bg7 4. Nc3 O-O 5. e4 c5 6. Nge2 Nc6 7. O-O Ne8 8. d3 Nc7 9. Be3 Ne6 10. Qd2 d6 11. Nd5 Ned4 12. Nxd4 Nxd4 13. b4 Bg4 14. f3 Bxf3 15. Bxf3 Nxf3+ 16. Rxf3 Bxa1 17. bxc5 Bg7 18. cxd6 exd6 19. Bg5 f6 20. Bf4 Qd7 21. Qb4 Rad8 22. Kg2 b6 23. Rf1 Kh8 24. Rf2 f5 25. exf5 Qxf5 26. Qd2 Bd4 27. Re2 g5 28. Ne7 Qf7 0-1

[Event "Late-Titled-Tuesday-Blitz-October-24-2023"]
[Site "Chess.com"]
[Date "2023.10.24"]
[Round "8"]
[White "becemix"]
[Black "dianamirza"]
[Result "1-0"]
[WhiteElo "2355"]
[BlackElo "2015"]
[TimeControl "180+1"]
[EndTime "15:24:28 PDT"]
[Termination "becemix won by resignation"]

1. d4 Nf6 2. Nc3 g6 3. e4 Bg7 4. Nf3 d6 5. h3 c5 6. Be3 cxd4 7. Nxd4 Nc6 8. Bc4 Ne5 9. Bb3 a6 10. O-O O-O 11. f4 Nc6 12. Nxc6 bxc6 13. e5 dxe5 14. Qxd8 Rxd8 15. fxe5 Nd5 16. Rad1 Be6 17. Nxd5 cxd5 18. Bg5 Bxe5 19. Bxe7 Rd7 20. Ba3 a5 21. c3 Rb8 22. Rfe1 Bg3 23. Re3 Bf4 24. Red3 Rbd8 25. Ba4 Rb7 26. c4 d4 27. b3 Be3+ 28. Rxe3 dxe3 29.
Rxd8+ Kg7 30. Bb2+ f6 31. Kf1 Re7 32. Re8 e2+ 33.
Ke1 Rd7 34. Bxd7 1-0

[Event "Late-Titled-Tuesday-Blitz-October-24-2023"]
[Site "Chess.com"]
[Date "2023.10.24"]
[Round "8"]
[White "TimGrutter03"]
[Black "Atanejhad"]
[Result "0-1"]
[WhiteElo "2520"]
[BlackElo "2409"]
[TimeControl "180+1"]
[EndTime "15:24:35 PDT"]
[Termination "Atanejhad won by checkmate"]

1. a3 e5 2. e4 Nf6 3. Nc3 d5 4. exd5 Nxd5 5. Qf3 c6 6. Bc4 Be6 7. Nge2 Be7 8. Qg3 O-O 9. O-O Nd7 10. d3 Re8 11.
Kh1 Bh4 12. Qf3 N7b6 13. Ba2 f5 14. g3 Bf6 15. Nxd5 cxd5 16. d4 e4 17. Qe3 Rc8 18.
c3 Nc4 19. Bxc4 Rxc4 20. Nf4 Bf7 21. b3 Rc6 22. h4 g5 23. hxg5 Bxg5 24. Bd2 Bh5 25.
c4 Bf3+ 26. Kg1 Rh6 27. Ng2 Bxe3 28. Bxe3 Rb6 29. Rab1 Qd7 30. c5 Rg6 31. Bf4 Bxg2 32. Kxg2 Qb5 33. b4 Qe2 34. Rb3 Qg4 35. Bd6 f4 36. Rg1 e3 37. Kf1 exf2 38. Kxf2 Qe2# 0-1

[Event "Late-Titled-Tuesday-Blitz-October-24-2023"]
[Site "Chess.com"]
[Date "2023.10.24"]
[Round "8"]
[White "Likvidator228"]
[Black "lluiss"]
[Result "1-0"]
[WhiteElo "2565"]
[BlackElo "2213"]
[TimeControl "180+1"]
[EndTime "15:24:36 PDT"]
[Termination "Likvidator228 won on time"]

1. g4 d5 2. Bg2 c6 3. h3 e5 4.
d4 e4 5. c4 f5 6. gxf5 Bxf5 7.
Nc3 Nf6 8. cxd5 cxd5 9. Qb3 Qd7 10. Bg5 Nc6 11. Bxf6 gxf6 12. Qxd5 Qxd5 13. Nxd5 O-O-O 14. Nxf6 Bb4+ 15. Kf1 Rxd4 16. a3 Be7 17. Ng4 Rhd8 18.
Re1 Rd2 19. Ne3 Bg6 20. h4 Bc5 21. h5 Bxe3 22. hxg6 Rf8 23. Nh3 Bxf2 24. Nxf2 e3 25. gxh7 Rh8 26. Nd3 Nd4 27. Be4 Rf8+ 28. Kg1 Nxe2+ 29.
Rxe2 1-0

[Event "Late-Titled-Tuesday-Blitz-October-24-2023"]
[Site "Chess.com"]
[Date "2023.10.24"]
[Round "8"]
[White "SergioMoralesG"]
[Black "emiliochess"]
[Result "0-1"]
[WhiteElo "2393"]
[BlackElo "2321"]
[TimeControl "180+1"]
[EndTime "15:24:40 PDT"]
[Termination "emiliochess won by resignation"]

1. d4 d5 2. Nf3 g6 3. e3 Bg7 4.
Be2 Nf6 5. O-O O-O 6. b3 a6 7.
Bb2 b5 8. a4 b4 9. a5 Nc6 10.
c4 e6 11. Nbd2 Bb7 12. Qc2 Ne4 13. Nxe4 dxe4 14. Nd2 f5 15. c5 Ne7 16. Nc4 Bd5 17.
f3 Nc6 18. fxe4 Bxe4 19. Bd3 Bxd3 20. Qxd3 Qd5 21. Rae1 e5 22. Rd1 exd4 23. exd4 Rae8 24. Ne3 Qe4 25. Qc4+ Kh8 26. Nc2 Nxa5 27. Qxa6 Qxc2 28. Qxa5 Qxb2 29. Qxb4 Re2 30. Qb7 Bxd4+ 31. Kh1 Bxc5 32. Qd5 Bd6 0-1

[Event "Late-Titled-Tuesday-Blitz-October-24-2023"]
[Site "Chess.com"]
[Date "2023.10.24"]
[Round "8"]
[White "zajka-molotok"]
[Black "gahryman"]
[Result "0-1"]
[WhiteElo "2544"]
[BlackElo "2678"]
[TimeControl "180+1"]
[EndTime "15:24:44 PDT"]
[Termination "gahryman won by resignation"]

1. e4 c5 2. Nf3 Nc6 3. Bb5 d6 4. O-O Bd7 5. c3 a6 6. Bc4 Nf6 7. Re1 Bg4 8. d4 Bxf3 9. gxf3 cxd4 10. cxd4 e5 11. d5 Nd4 12. Be3 Be7 13. Nd2 Nh5 14. Bxd4 exd4 15. Nb3 O-O 16. Nxd4 Bf6 17. Qd2 Be5 18. Ne2 Qh4 19. Ng3 Nf4 20. Bf1 g6 21. Qb4 Qf6 22. Rab1 h5 23. Qd2 Rac8 24. Rec1 h4 25. Ne2 Nxe2+ 26. Bxe2 Bf4 27. Qd1 Rxc1 28. Rxc1 Qg5+ 29. Kh1 Bxc1 0-1

[Event "Late-Titled-Tuesday-Blitz-October-24-2023"]
[Site "Chess.com"]
[Date "2023.10.24"]
[Round "8"]
[White "szachmistrz2500"]
[Black "AsselLesbekova"]
[Result "1-0"]
[WhiteElo "2426"]
[BlackElo "2298"]
[TimeControl "180+1"]
[EndTime "15:24:44 PDT"]
[Termination "szachmistrz2500 won by checkmate"]

1. Nf3 d5 2. g3 e6 3. Bg2 Nf6 4. O-O a6 5. d3 c5 6. Nbd2 Nc6 7. e4 dxe4 8. dxe4 Be7 9. c3 O-O 10. Qe2 Qc7 11. e5 Nd7 12. Re1 b5 13. h4 Bb7 14. h5 h6 15. Nf1 Rfd8 16. N1h2 b4 17. Ng4 Bf8 18. Bf4 bxc3 19. bxc3 Nb6 20. c4 Nd4 21. Nxd4 cxd4 22. c5 Bxc5 23. Bxh6 gxh6 24. Nxh6+ Kh7 25. Ng4 Be7 26. Be4+ Bxe4 27. Qxe4+ Kh8 28. Rac1 Qd7 29. Qf4 Bf8 30. Nf6 Nd5 31. Qg5 Nxf6 32. exf6 Qd5 33. Re5 Qf3 34. Rc7 d3 35. Re3 Qd1+ 36.
Kg2 Qa4 37. Rxf7 Qa3 38. Qg6 d2 39. Qh7# 1-0

[Event "Late-Titled-Tuesday-Blitz-October-24-2023"]
[Site "Chess.com"]
[Date "2023.10.24"]
[Round "8"]
[White "baag"]
[Black "chesspreceptor"]
[Result "1-0"]
[WhiteElo "2864"]
[BlackElo "2628"]
[TimeControl "180+1"]
[EndTime "15:24:57 PDT"]
[Termination "baag won by resignation"]

1. d4 c5 2. d5 f5 3. c4 Nf6 4. Nc3 g6 5. g3 d6 6. Bg2 Bg7 7. Nf3 Na6 8. O-O O-O 9. Qc2 Nc7 10.
Rd1 a6 11. a4 b6 12. Rb1 Bd7 13. b4 cxb4 14. Rxb4 Rb8 15. Nd4 a5 16. Rb1 Na6 17. Ba3 Qc7 18. Nc6 Rbe8 19. Qb3 Bxc6 20. dxc6 Rb8 21.
c5+ Kh8 22. cxb6 Qc8 23. b7 Qd8 24. Qb6 Nc7 25. Nb5 Nfe8 26. Qxa5 f4 27. Qb6 fxg3 28. hxg3 1-0

[Event "Late-Titled-Tuesday-Blitz-October-24-2023"]
[Site "Chess.com"]
[Date "2023.10.24"]
[Round "8"]
[White "KNVB"]
[Black "SpeedofLight0"]
[Result "0-1"]
[WhiteElo "2684"]
[BlackElo "2978"]
[TimeControl "180+1"]
[EndTime "15:25:00 PDT"]
[Termination "SpeedofLight0 won on time"]

1. d4 Nf6 2. Nc3 Nc6 3. e4 e5 4.
dxe5 Nxe5 5. f4 Ng6 6. e5 Ng8 7. Nf3 d6 8. Bc4 Be6 9. Bxe6 fxe6 10. exd6 Bxd6 11. Qe2 Qe7 12. g3 Nf6 13. Bd2 O-O-O 14. O-O-O e5 15. f5 Nf8 16. Ng5 N8d7 17. Nge4 h6 18.
Rhf1 Kb8 19. Kb1 a6 20. Bc1 Bb4 21. Nd5 Nxd5 22. Rxd5 Nf6 23. Rdd1 Ba5 24. c3 Qf7 25. g4 Rhe8 26. h3 Bb6 27. b3 Nd5 28. Kc2 Qe7 29. Qf3 a5 30. a4 Qf7 31. Rd3 Nf6 32. Rfd1 Rxd3 33. Rxd3 Qe7 34. Rd1 Rf8 35. Nxf6 Qxf6 36. Qe4 Re8 37. Rd3 Qh4 38. Bd2 Qf2 39. Rf3 Qg2 40.
Re3 Qh2 41. Rd3 Bc5 42. Kb1 Bd6 43. Kc2 Qf2 44. Qe3 Qg2 45. Qf3 Qg1 46. Qe4 Qa1 47. Bc1 Qa2+ 0-1

[Event "Late-Titled-Tuesday-Blitz-October-24-2023"]
[Site "Chess.com"]
[Date "2023.10.24"]
[Round "8"]
[White "Fandorine"]
[Black "LiemLe"]
[Result "0-1"]
[WhiteElo "2932"]
[BlackElo "2988"]
[TimeControl "180+1"]
[EndTime "15:25:09 PDT"]
[Termination "LiemLe won by resignation"]

1. e4 c6 2. d4 d5 3. e5 Bf5 4.
h4 h5 5. Bg5 Qb6 6. Bd3 Qxd4 7.
Nf3 Qg4 8. Bxf5 Qxf5 9. O-O e6 10. c4 Be7 11. Qb3 b6 12. a4 Bxg5 13. Nxg5 Ne7 14. a5 b5 15. cxb5 O-O 16. Qb4 Ng6 17. Nc3 Nxe5 18. b6 axb6 19. axb6 Rxa1 20. Rxa1 Nd3 21. Qe7 Qxf2+ 22. Kh1 Qxh4+ 23. Kg1 Qf2+ 24. Kh1 Nf4 0-1

[Event "Late-Titled-Tuesday-Blitz-October-24-2023"]
[Site "Chess.com"]
[Date "2023.10.24"]
[Round "8"]
[White "leoduarte"]
[Black "R2D2PTY"]
[Result "1-0"]
[WhiteElo "2403"]
[BlackElo "2289"]
[TimeControl "180+1"]
[EndTime "15:25:09 PDT"]
[Termination "leoduarte won by checkmate"]

1. d4 Nf6 2. Bf4 e6 3. e3 d5 4. Nf3 Bd6 5. Bd3 O-O 6. c3 c5 7. Nbd2 Bxf4 8. exf4 Qc7 9. g3 cxd4 10. Nxd4 e5 11.
fxe5 Qxe5+ 12. Qe2 Qc7 13. O-O Bg4 14. f3 Bh3 15.
Rfe1 Nc6 16. N2b3 Rae8 17. Qf2 Ne5 18. Bc2 a5 19. a4 Qb6 20. g4 h5 21. g5 Nh7 22. Qg3 Nxg5 23. Kh1 f6 24. f4 Nef3 25. Nxf3 Nxf3 26. Qxf3 Bg4 27. Qxd5+ Kh8 28. Nd4 Qxb2 29. h3 Bc8 30. Qxh5+ Kg8 31. Bh7+ Kh8 32. Bg6+ Kg8 33. Qh7# 1-0

[Event "Late-Titled-Tuesday-Blitz-October-24-2023"]
[Site "Chess.com"]
[Date "2023.10.24"]
[Round "8"]
[White "MatthewG-p4p"]
[Black "ItalianMachine"]
[Result "1-0"]
[WhiteElo "2914"]
[BlackElo "2458"]
[TimeControl "180+1"]
[EndTime "15:25:10 PDT"]
[Termination "MatthewG-p4p won on time"]

1. e4 e5 2. Nf3 Nc6 3. d4 exd4 4. Nxd4 Bc5 5. Nb3 Bb6 6. Nc3 Nf6 7. Qe2 O-O 8. Bg5 Re8 9. Nd5 Nd4 10. Qd3 Nxb3 11. axb3 Bxf2+ 12. Kd1 d6 13. Be2 c6 14. Bxf6 gxf6 15. Nf4 f5 16. Rf1 fxe4 17. Qc3 Bh4 18. Nh5 Re5 19. Rf4 Bg5 20. Rxe4 Bf5 21. Rxe5 dxe5+ 22. Ke1 Qb6 23. Kf1 Re8 24. Qg3 h6 25. h4 1-0

[Event "Late-Titled-Tuesday-Blitz-October-24-2023"]
[Site "Chess.com"]
[Date "2023.10.24"]
[Round "8"]
[White "ArtemDyachuk"]
[Black "JackRodgers"]
[Result "0-1"]
[WhiteElo "2623"]
[BlackElo "2533"]
[TimeControl "180+1"]
[EndTime "15:25:18 PDT"]
[Termination "JackRodgers won by checkmate"]

1. e4 c5 2. Nf3 g6 3. c4 Bg7 4.
d4 cxd4 5. Nxd4 Nc6 6. Be3 Nf6 7. Nc3 Ng4 8. Qxg4 Nxd4 9. Qd1 e5 10. Qd2 d6 11.
Bh6 O-O 12. h4 Bxh6 13. Qxh6 Nc2+ 14. Kd1 Nxa1 15. Nd5 f6 16. Bd3 Be6 17. Nc3 Rc8 18.
b3 Qa5 19. Kd2 b5 20. Rxa1 bxc4 21. bxc4 Bxc4 22. Bxc4+ Rxc4 23. Rc1 Rfc8 24. Qe3 Qc5 25. Qh3 Qxf2+ 26. Ne2 Rd4+ 27. Qd3 Rxd3+ 28. Kxd3 Rxc1 29. Nxc1 Qd4+ 30. Kc2 Qxe4+ 31. Kc3 Qxg2 32. Nb3 Qxa2 33. h5 Qxb3+ 34. Kxb3 gxh5 35. Kc4 h4 36. Kd5 h3 37. Kc6 h2 38. Kc7 h1=Q 39. Kb8 e4 40.
Kc7 e3 41. Kb8 e2 42. Kc7 f5 43. Kd8 f4 44. Kc7 f3 45. Kb8 d5 46. Kc7 d4 47.
Kb8 d3 48. Kc7 d2 49. Kb8 f2 50. Kc7 h5 51. Kb8 h4 52. Kc7 h3 53. Kb8 h2 54.
Kc7 a5 55. Kb8 a4 56. Kc7 a3 57. Kb8 a2 58. Kc7 Qe4 59. Kb8 Qc4 60. Kb7 d1=Q 61. Kb8 Qdb3+ 62. Ka7 a1=Q# 0-1

[Event "Late-Titled-Tuesday-Blitz-October-24-2023"]
[Site "Chess.com"]
[Date "2023.10.24"]
[Round "8"]
[White "Hasangatin_Ramil"]
[Black "Cayse"]
[Result "0-1"]
[WhiteElo "2717"]
[BlackElo "2890"]
[TimeControl "180+1"]
[EndTime "15:25:21 PDT"]
[Termination "Cayse won by checkmate"]

1. e4 e5 2. Nf3 Nc6 3. Bb5 a6 4. Ba4 Nf6 5. Bxc6 dxc6 6. d3 Nd7 7. Be3 Bd6 8. Nbd2 O-O 9. Nc4 Re8 10. Nxd6 cxd6 11.
O-O Nf6 12. Bg5 h6 13. Bh4 g5 14. Bg3 Bg4 15. h3 Bh5 16. Bh2 g4 17. hxg4 Bxg4 18. Qe2 Nh5 19. Qe3 Qf6 20. Nd2 Nf4 21. f3 Be6 22. d4 Kh7 23. dxe5 dxe5 24. Bxf4 exf4 25. Qc3 Qg5 26. Rf2 Rad8 27. e5 Bd5 28. Re1 Re6 29. Qd3+ Rg6 30. Ne4 Bxe4 31. Qxe4 Kh8 32. Ree2 Rd5 33. c4 Rd1+ 34. Re1 Rd7 35. Rfe2 h5 36. c5 h4 37. e6 Rxe6 38. Qc4 h3 39. Qc3+ Kg8 40.
Kh1 Rxe2 41. Rxe2 Rd1+ 42. Kh2 Qg3# 0-1

[Event "Late-Titled-Tuesday-Blitz-October-24-2023"]
[Site "Chess.com"]
[Date "2023.10.24"]
[Round "8"]
[White "Ykow"]
[Black "Korchmar_Vasiliy"]
[Result "1-0"]
[WhiteElo "2565"]
[BlackElo "2774"]
[TimeControl "180+1"]
[EndTime "15:25:22 PDT"]
[Termination "Ykow won on time"]

1. e4 c5 2. Nf3 d6 3. d4 cxd4 4. Nxd4 Nf6 5. Bb5+ Bd7 6. c4 Nxe4 7. Qf3 Qa5+ 8. b4 Qxb4+ 9. Nd2 Nc5 10. Ba3 Qa5 11.
Bxc5 Qc7 12. Ba3 g6 13. Bb2 e5 14. Ne4 exd4 15. Bxd4 Bxb5 16. cxb5 f5 17. Nf6+ Kd8 18.
Nd5 Qa5+ 19. Bc3 Qxb5 20. Bxh8 Nc6 21. Qb3 Qa6 22. Bf6+ Kd7 23. O-O-O Rc8 24. Kb1 Na5 25. Qa4+ b5 26. Qa3 Rc4 27. Bc3 Ra4 28. Nf6+ Kc7 29. Qc1 Nc4 30. Nd5+ Kb7 31. Nb4 Qa5 32. Nd5 Qa6 33.
Rd2 Nxd2+ 34. Qxd2 1-0

[Event "Late-Titled-Tuesday-Blitz-October-24-2023"]
[Site "Chess.com"]
[Date "2023.10.24"]
[Round "8"]
[White "nochewycandy"]
[Black "IMRosen"]
[Result "1-0"]
[WhiteElo "2785"]
[BlackElo "2627"]
[TimeControl "180+1"]
[EndTime "15:25:25 PDT"]
[Termination "nochewycandy won by checkmate"]

1. e4 c5 2. Nf3 e6 3. b3 b6 4. Bb2 Bb7 5. Nc3 a6 6. d4 cxd4 7. Qxd4 Qc7 8. O-O-O Nc6 9. Qd2 Nge7 10. Kb1 Ng6 11. h4 h6 12. Be2 Rc8 13. h5 Nge5 14. Nxe5 Nxe5 15. f4 Bb4 16. Nb5 axb5 17.
Qxb4 Qxc2+ 18. Ka1 Nc6 19. Qd6 Na5 20. Rc1 Nxb3+ 21.
axb3 Ra8+ 22. Ba3 Rxa3+ 23. Qxa3 Qxe2 24. Rhe1 Qxh5 25. Rc7 Bc6 26. Rc8# 1-0

[Event "Late-Titled-Tuesday-Blitz-October-24-2023"]
[Site "Chess.com"]
[Date "2023.10.24"]
[Round "8"]
[White "Sjakkerntobi"]
[Black "Lion-Al-Messi"]
[Result "0-1"]
[WhiteElo "2508"]
[BlackElo "2653"]
[TimeControl "180+1"]
[EndTime "15:25:25 PDT"]
[Termination "Lion-Al-Messi won by resignation"]

1. e4 c5 2. Nf3 e6 3. d4 cxd4 4.
Nxd4 a6 5. c4 Nf6 6. Nc3 Qc7 7.
a3 b6 8. Be2 Bb7 9. Qd3 d6 10.
f4 Nbd7 11. b4 Be7 12. O-O O-O 13. Bb2 Rab8 14. g4 e5 15. Nf5 Rfe8 16. g5 exf4 17. gxf6 Bxf6 18. Rxf4 d5 19. Rg4 Ne5 20. Qg3 Kh8 21.
Nxd5 Bxd5 22. exd5 Qd7 23. Rf4 Nf3+ 24. Bxf3 Bxb2 25. Rf1 Be5 26. Qg2 g6 27. Rh4 Qxf5 28. Be4 Qd7 29. Qf3 f5 30. Bc2 Bf6 31. Rh3 Rbc8 32.
Qd3 Qc7 33. Bb3 Qe5 34. Rhf3 Qb2 35. d6 Bd4+ 36. Kh1 Re2 37. Rh3 Be5 38. Kg1 Rg2+ 0-1

[Event "Late-Titled-Tuesday-Blitz-October-24-2023"]
[Site "Chess.com"]
[Date "2023.10.24"]
[Round "8"]
[White "The_Princess_Moon"]
[Black "TheMagician"]
[Result "0-1"]
[WhiteElo "2322"]
[BlackElo "2176"]
[TimeControl "180+1"]
[EndTime "15:25:30 PDT"]
[Termination "TheMagician won by resignation"]

1. e4 e5 2. Nf3 Nf6 3. Nc3 Nc6 4. Bb5 Bd6 5. O-O O-O 6. d3 h6 7. h3 Re8 8. Be3 a6 9. Ba4 b5 10. Bb3 Na5 11. Qd2 Bb7 12. Bxh6 gxh6 13. Qxh6 Nxb3 14. Qg5+ Kh8 15. axb3 Nh7 16. Qe3 Rg8 17. d4 exd4 18. Nxd4 Qg5 19. Qf3 Qe5 20. g3 Qxd4 21.
Rad1 Qb6 22. Kg2 Rg7 23. Ne2 Rf8 24. Qf5 Rg5 25. Qxd7 Bxe4+ 26. Kh2 Bxc2 27. Rc1 Bd3 28. Rc6 Qb8 29. Re1 Qe8 30. Qxe8 Rxe8 0-1

[Event "Late-Titled-Tuesday-Blitz-October-24-2023"]
[Site "Chess.com"]
[Date "2023.10.24"]
[Round "8"]
[White "mjelcic"]
[Black "Balla_Tamas"]
[Result "0-1"]
[WhiteElo "2149"]
[BlackElo "2340"]
[TimeControl "180+1"]
[EndTime "15:25:31 PDT"]
[Termination "Balla_Tamas won by resignation"]

1. c4 c5 2. Nc3 Nc6 3. g3 g6 4. Bg2 Bg7 5. e4 e6 6. Nge2 Nge7 7.
O-O d6 8. d4 cxd4 9. Nb5 e5 10.
f4 O-O 11. c5 dxc5 12. f5 gxf5 13. Bg5 Qb6 14. Na3 fxe4 15. Bxe4 f5 16. Bd3 Be6 17. Nc4 Qc7 18. Rc1 e4 19. Nf4 Bf7 20. Be2 d3 21. Bh5 Nd4 22. Bxf7+ Rxf7 23. Ne3 Qe5 24. Bxe7 Qxe7 25.
Nfd5 Qe5 26. Rxc5 Ne2+ 27. Kh1 b6 28. Rc6 Rd8 29. Qa4 Rxd5 30. Nxd5 Qxd5 31. Rc8+ Bf8 32. Qb3 Qb7 33. Rxf5 e3+ 34. Qd5 Qxd5+ 35. Rxd5 d2 36. Rdd8 Rf1+ 37. Kg2 d1=Q 38. Rxd1 Rxd1 39. Kf3 Rd2 40.
Kxe3 Rxb2 0-1